Map: Frozen Temple

Players

Fylkir

  • Race: Terran Terran
  • League: Master

Miszu - Winner!

  • Race: Terran Terran
  • League: Master

VOD

Have the link to the VOD?

Description

Time

  • Played on: May 2, 2016, 8:58 a.m.
  • Length: 3:43
Show
View Real Time Build Order
Export as new Build Order

Fylkir Terran 

Build Orders:  

Get SALT Encoding   

  12  0:01  SCV  
  13  0:14  SCV  
  14  0:18  Supply Depot  
  14  0:26  SCV  
  15  0:29  Refinery  
  15  0:39  SCV  
  16  0:46  Barracks  
  16  0:51  SCV  
  17  1:03  Barracks  
  17  1:06  SCV  
  18  1:20  Barracks  
  18  1:34  Reaper  
  18  1:36  Orbital Command  
  19  1:44  Refinery  
  19  1:50  Reaper  
  20  1:58  Supply Depot  
  20  2:07  Reaper  
  21  2:08  Reaper  
  21  2:12  SCV  
  22  2:23  Reaper  
  22  2:24  SCV  
  24  2:36  SCV  
  25  2:39  Reaper  
  25  2:40  Supply Depot, Reaper  
  27  2:55  Reaper  
  27  2:56  SCV  
  29  3:08  SCV  
  31  3:20  SCV  
  31  3:24  Command Center  
Show
View Real Time Build Order
Export as new Build Order

Miszu Terran - Winner!

Build Orders: 1/1/1 

Get SALT Encoding   

  12  0:01  SCV  
  13  0:13  SCV  
  14  0:17  Supply Depot  
  14  0:25  SCV  
  15  0:33  Refinery  
  15  0:39  SCV  
  16  0:46  Barracks  
  16  0:51  SCV  
  16  0:56  Refinery  
  17  1:03  SCV  
  18  1:15  SCV  
  19  1:27  SCV  
  20  1:35  Factory  
  20  1:37  Reaper  
  20  1:39  Orbital Command  
  21  1:48  Supply Depot  
  21  2:05  SCV  
  22  2:09  Reaper  
  23  2:17  SCV  
  23  2:19  Hellion  
  26  2:24  Starport  
  26  2:29  Supply Depot, SCV  
  27  2:41  Reaper, SCV  
  29  2:46  Hellion  
  30  2:56  SCV  
  31  3:04  Supply Depot  
  34  3:07  Hellion  
  34  3:08  SCV  
  38  3:23  SCV  
Tags
 
Matchup
TvT
Opening
1/1/1
Race
Terran
Add a new tag
Caveats
  • Supply blocks, unpowered buildings, or Contaminate may cause inaccurate times.
  • Supply counts are checked every 10 seconds.